 Dungeon Crawl Stone Soup version 0.29-a0-1023-g6ae1a4a2c7 (webtiles) character file.

Game seed: 374276824741763184

57 2tc the Stinger (level 4, -5/27 HPs)
             Began as an Octopode Venom Mage on Aug 11, 2022.
             Killed from afar by Sigmund (8 damage)
             ... with a magic dart
             ... on level 2 of the Dungeon.
             The game lasted 00:06:01 (2547 turns).

2tc the Stinger (Octopode Venom Mage)               Turns: 2547, Time: 00:06:01

Health: -5/27      AC:  1    Str:  6    XL:     4   Next: 0%
Magic:  1/7        EV: 13    Int: 16    God:
Gold:   32         SH:  0    Dex: 16    Spells: 4/7 levels left

rFire   . . .      SeeInvis .   f - +0 dagger
rCold   . . .      Faith    .   (no shield)
rNeg    . . .      Spirit   .   (helmet restricted)
rPois   .          Reflect  .   (no amulet)
rElec   .          Harm     .   (no ring)
rCorr   .          Rampage  .   (no ring)
Will    .....                   (no ring)
Stlth   +++.......              (no ring)
HPRegen 0.09/turn               (no ring)
MPRegen 0.10/turn               (no ring)
                                (no ring)
                                (no ring)

@: brilliant
A: almost no armour, amphibious, 8 rings, camouflage 1, gelatinous body 1,
(nimble swimmer 1), tentacles, tentacle spike 1, agile 1, dopey 1
a: no special abilities


You were on level 2 of the Dungeon.
You visited 1 branch of the dungeon, and saw 2 of its levels.

You collected 32 gold pieces.

Inventory:

Hand Weapons
 f - a +0 dagger (weapon)
Potions
 a - a potion of magic
 e - 2 potions of attraction


   Skills:
 - Level 2.0 Dodging
 - Level 2.6 Stealth
 - Level 2.0 Spellcasting
 - Level 1.0 Transmutations
 + Level 0.7 Air Magic
 * Level 5.5 Poison Magic


You had 4 spell levels left.
You knew the following spells:

 Your Spells              Type           Power      Damage    Failure   Level
a - Sting                 Tmut/Pois      72%        1d6       5%          1
b - Poisonous Vapours     Pois/Air       34%        N/A       9%          2

Your spell library contained the following spells:

 Spells                   Type           Power      Damage    Failure   Level
 Olgreb's Toxic Radiance  Pois           29%        N/A       21%         4
 Mephitic Cloud           Conj/Pois/Air  12%        N/A       26%         3
 Dazzling Flash           Conj/Hex       4%         N/A       52%         3
 Agony                    Necr           2%         N/A       99%         5
 Silence                  Hex/Air        2%         N/A       99%         5


Dungeon Overview and Level Annotations

Branches:
Dungeon (2/15)

Altars:

Annotations:
D:2 Sigmund


Innate Abilities, Weirdness & Mutations

You cannot wear most types of armour.
You are amphibious.
You can wear up to eight rings at the same time.
Your skin changes colour to match your surroundings (Stealth+).
Your rubbery body absorbs attacks. (AC +1, EV +1)
((You are camouflaged when in or above water. (Stealth+)))
You have tentacles for arms and can constrict up to eight enemies at once.
One of your tentacles bears a spike.
You are agile. (Dex +4, Str/Int -1)
You are dopey. (Int -2)


Message History

The sting hits Sigmund.
Sigmund looks as sick as possible!
Sigmund is lightly wounded.
Sigmund points at you and mumbles some strange words.
The puff of flame hits you.
* * * LOW HITPOINT WARNING * * *
It was a potion of mutation.
You feel extremely strange.
You feel stupid.
You feel agile.
One of your lower tentacles grows a sharp spike.
It was a potion of brilliance.
You feel clever all of a sudden.
Sigmund points at you and mumbles some strange words.
The puff of flame hits you!
* * * LOW HITPOINT WARNING * * *
Sigmund points at you and mumbles some strange words.
You are confused.
You see here a frilled lizard corpse.
You bump into the rock wall.
Sigmund casts a spell at you. You resist with some effort.
You bump into the rock wall.
You bump into the rock wall.
Okay, then.
You are too confused!
You bump into the rock wall.
You bump into the rock wall.
You're too confused to move!
You bump into the rock wall.
Your extra speed is starting to run out.
You feel less confused.
You feel yourself slow down.
Casting: Sting (safe; 5% risk of failure)
Confirm with . or Enter, or press ? or * to list all spells.
Aiming: Poisonous Vapours (safe; 9% risk of failure)
Press: ? - help, Dir - move target, f/p - Sigmund
Aim: Sigmund, wielding a +0 scythe and wearing a +0 robe (severely wounded, poisoned)
You feel a surge of power!
Poisonous vapours surround Sigmund!
Sigmund looks even sicker.
Sigmund points at you and mumbles some strange words.
The magic dart hits you!
You die...

#.# #@# #.# #.#
#.# #.#
###########@#
####...........#
.......@########
####.##.# # #.#
# #.# # #.# ###
#.# ..#### # #.#
.....# #.##.##
..##.#
#.#...#######


You could see Sigmund (very poisoned).

Vanquished Creatures
  An adder (D:2)
  3 ball pythons
  2 endoplasms (D:1)
  A giant cockroach (D:1)
  4 goblins (D:1)
  4 hobgoblins
  11 jackals (D:1)
  7 kobolds (D:1)
  2 quokkas (D:1)
  3 frilled lizards
  A rat (D:2)
39 creatures vanquished.

Notes
Turn   | Place    | Note
-------+----------+-------------------------------------------
     0 | D:1      | 2tc the Octopode Venom Mage began the quest for the Orb.
     0 | D:1      | Reached XP level 1. HP: 11/11 MP: 3/3
   103 | D:1      | Reached skill level 4 in Poison Magic
   115 | D:1      | Reached XP level 2. HP: 5/17 MP: 1/5
  1272 | D:1      | Learned a level 2 spell: Poisonous Vapours
  1404 | D:1      | Reached XP level 3. HP: 21/21 MP: 4/6
  1429 | D:1      | Reached skill level 5 in Poison Magic
  2492 | D:2      | Reached XP level 4. HP: 27/27 MP: 7/7
  2497 | D:2      | Noticed Sigmund
  2516 | D:2      | Gained mutation: You are dopey. (Int -2) [potion of
                  | mutation]
  2516 | D:2      | Gained mutation: You are agile. (Dex +4, Str/Int -1)
                  | [potion of mutation]
  2516 | D:2      | Gained mutation: One of your tentacles bears a spike.
                  | [potion of mutation]
  2517 | D:2      | HP: 1/27 [Sigmund/puff of flame (7)]
  2547 | D:2      | Killed from afar by Sigmund

Illustrated notes

Levels and vault maps discovered:
D:1:      eino_arrival_water_star, layout_loops_ring
D:2:      layout_loops_ring, kennysheep_generic_room_2, uniq_robin, uniq_sigmund

Skill      XL: |  1  2  3 |
---------------+----------+-----
Poison Magic   | 4 5 |  5.5
Dodging        | |  2.0
Stealth        | |  2.6
Spellcasting   | |  2.0
Transmutations | |  1.0
Air Magic      | |  0.7

Action                   |  1- 3 |  4- 6 || total
-------------------------+-------+-------++-------
Melee: Spear             |    58 |       ||    58
       Tentacles         |    12 |       ||    12
       Constrict         |    12 |       ||    12
       Dagger            |    20 |       ||    20
 Cast: Sting             |    18 |     1 ||    19
       Poisonous Vapours |     1 |     4 ||     5
  Use: Scroll            |     5 |       ||     5
       Potion            |       |     3 ||     3
 Stab: Sleeping          |     8 |       ||     8
Armor: Skin              |     3 |       ||     3
Dodge: Dodged            |    37 |     2 ||    39

Table legend: (Time is in decaauts)
 A = Elapsed time spent in this place.
 B = Non-inter-level travel time spent in this place.
 C = Inter-level travel time spent in this place.
 D = Time resting spent in this place.
 E = Time spent auto-exploring this place.
 F = Levels seen in this place.
 G = Mean time per level.
                   A        B        C        D        E       F      G
               +--------+--------+--------+--------+--------+-----+--------+
         Total |   2537 |   2508 |     29 |     97 |   2044 |   2 | 1268.5 |
       Dungeon |   2537 |   2508 |     29 |     97 |   2044 |   2 | 1268.5 |
               +--------+--------+--------+--------+--------+-----+--------+

Top non-repeatable levels by time:
     D:1: 2213 daAuts
     D:2: 323 daAuts
